 Dungeon Crawl Stone Soup version 0.21-a0-274-gc1afaeb (webtiles) character file.

367219 4thArraOfDagon the Fencer (level 21, -12/159 HPs)
             Began as a Mummy Artificer on Sept 18, 2017.
             Was an Initiate of Gozag.
             Killed from afar by a deep elf annihilator (34 damage)
             ... with a bolt of lightning
             ... on level 5 of the Vaults on Sept 19, 2017.
             The game lasted 02:31:15 (35618 turns).

4thArraOfDagon the Fencer (Mummy Artificer)        Turns: 35618, Time: 02:31:16

Health: -12/159    AC: 46    Str: 23    XL:     21   Next: 61%
Magic:  39/39      EV: 13    Int: 18    God:    Gozag
Gold:   11929      SH:  0    Dex: 11    Spells: 28/48 levels left

rFire    . . .     SeeInvis .   N - +8 great sword (vamp)
rCold    + + .     Gourm    .   (shield currently unavailable)
rNeg     + + +     Faith    .   f - +27 Lear's hauberk
rPois    ∞         Spirit   .   (helmet currently unavailable)
rElec    .         Reflect  .   o - +5 cloak of Monotheism {rC+ Str+6 Dex-2}
rCorr    .         Harm     .   (gloves currently unavailable)
MR       +++..                  (boots currently unavailable)
Stlth    ..........             U - amulet of regeneration
HPRegen  0.76/turn              y - ring of protection from magic
MPRegen  0.26/turn              K - ring of protection from fire

@: gold aura
A: no food or potions, fire vulnerability, cold resistance 1, negative energy
resistance 3, torment resistance, unbreathing, in touch with death 1
}: 2/15 runes: decaying, gossamer
a: Potion Petition, Call Merchant, Bribe Branch, Renounce Religion


You were on level 5 of the Vaults.
You worshipped Gozag.
Gozag was extremely pleased with you.
You were not hungry.

You visited 8 branches of the dungeon, and saw 40 of its levels.
You visited 1 bazaar.
You also visited: Labyrinth, Bailey and Wizlab.

You collected 27615 gold pieces.
You spent 7672 gold pieces at shops.
You paid 8014 gold pieces to Gozag.

Inventory:

Hand Weapons
 m - the +8 demon blade "Leech" {vamp, rN+ AC-3 EV-3}
   (You took it off a deep elf annihilator on level 3 of the Elven Halls)

   It inflicts no extra harm, but heals its wielder when it wounds a living foe.
   It affects your AC (-3).
   It affects your evasion (-3).
   It protects you from negative energy.
 z - a +0 blowgun
 N - a +8 vampiric great sword (weapon)
 W - the +11 plutonium sword {*Contam Stlth-}
   (You bought it in a shop on level 4 of the Vaults)

   It causes magical contamination when unequipped.
   It makes you less stealthy.
Missiles
 h - 439 stones (quivered)
Armour
 f - the +27 Lear's hauberk (worn)
   (You bought it in a shop on level 12 of the Dungeon)
 o - the +5 cloak of Monotheism (worn) {rC+ Str+6 Dex-2}
   (You found it on level 1 of the Spider Nest)

   It affects your strength (+6).
   It affects your dexterity (-2).
   It protects you from cold.
 O - a +2 hat of see invisible
 P - a +2 pair of gloves
Magical Staves
 b - an uncursed staff of wizardry {!a}
 I - an uncursed staff of death
 M - an uncursed staff of energy {!a}
Jewellery
 i - an uncursed ring of flight
 y - a ring of protection from magic (left hand)
 E - an uncursed ring of wizardry
 K - a ring of protection from fire (right hand)
 L - an uncursed ring of protection from cold
 U - an amulet of regeneration (around neck)
 Z - the ring "Jel Vitt" {rF+ rN+}
   (You found it on level 5 of the Vaults)

   [ring of protection from fire]

   It protects you from fire.
   It protects you from negative energy.
Wands
 d - a wand of flame (12/48)
 e - a wand of acid (5/15)
 s - a wand of clouds (0/9)
 t - a wand of clouds (0/9)
 u - a wand of paralysis (11/24)
 A - a wand of digging (10/24)
 G - a wand of enslavement (12/24)
 Q - a wand of iceblast (10/15)
 V - a wand of acid (8/15)
 X - a wand of clouds (2/9)
Scrolls
 g - 2 scrolls of silence
 j - 9 scrolls of teleportation
 k - 6 scrolls of recharging
 l - 3 scrolls of brand weapon
 n - 5 scrolls of enchant armour
 p - 5 scrolls of immolation
 r - 6 scrolls of amnesia
 v - a scroll of vulnerability
 w - 2 scrolls of identify
 B - 2 scrolls of summoning
 C - 13 scrolls of remove curse
 D - 3 scrolls of fear
 F - a scroll of torment
 H - 3 scrolls of blinking
 J - a scroll of fog
 S - 2 scrolls of magic mapping
Miscellaneous
 a - a lightning rod (4/4)
 c - 3 sacks of spiders
 x - a fan of gales
 R - a phantom mirror
 T - a box of beasts
 Y - a phial of floods


   Skills:
 - Level 12.2 Fighting
   Level 2.2(14.1) Short Blades
 * Level 20.4(20.5) Long Blades
 + Level 12.5 Armour
 + Level 11.7 Dodging
 - Level 0.7 Stealth
 + Level 14.2 Spellcasting
 - Level 15.4 Necromancy
 - Level 3.1 Translocations
 - Level 3.1 Evocations


You had 28 spell levels left.
You knew the following spells:

 Your Spells              Type           Power        Failure   Level  Hunger
a - Blink                 Tloc           N/A          11%         2    N/A
b - Animate Skeleton      Necr           N/A          1%          1    N/A
c - Apportation           Tloc           ###...       7%          1    N/A
d - Control Undead        Necr           #######...   1%          4    N/A
e - Animate Dead          Necr           N/A          1%          4    N/A
f - Passwall              Tmut/Erth      ##........   36%         2    N/A
g - Death Channel         Necr           #######...   7%          6    N/A

Dungeon Overview and Level Annotations

Branches:
Dungeon (15/15)            Temple (1/1) D:4            Lair (6/6) D:10
  Swamp (4/4) Lair:2       Spider (4/4) Lair:3        Slime (0/5) Lair:5
    Orc (2/2) D:9             Elf (3/3) Orc:2        Vaults (5/5) D:13
  Crypt: Vaults:2-3  Depths: D:15

Altars:
Ashenzari
Cheibriados
Dithmenos
Elyvilon
Fedhas
Gozag
Hepliaklqana
Kikubaaqudgha
Nemelex Xobeh
Okawaru
Qazlal
Ru
Trog
Uskayaw
Vehumet
Wu Jian
Xom
Yredelemnul
Zin
The Shining One
Beogh
Jiyva

Shops:
D:7 *   D:10 }   D:12 (([[[   D:14 ![(   Orc:2 }(:*=   Elf:1 (   Vaults:1 [
Vaults:2 (   Vaults:4 *   Vaults:5 !!

Annotations:
D:14 Frances
Vaults:4 Mennas


Innate Abilities, Weirdness & Mutations

You do not eat or drink.
Your flesh is vulnerable to fire.
You are immune to poison.
Your flesh is cold resistant. (rC+)
You are immune to negative energy. (rN+++)
You are immune to unholy pain and torment.
You can survive without breathing.
You are in touch with the powers of death.


Message History

Aim: a deep elf annihilator, wielding a battleaxe of freezing and wearing a scale mail (moderately wounded)
The bolt of acid hits the deep elf annihilator.
The deep elf annihilator is splashed with acid.
The deep elf annihilator is severely wounded.
This wand has 9 charges left.
Unknown command.
Unknown command.
Evoke which item? (* to show all) (? for menu, Esc to quit)
Aiming: Corrosive Bolt
Press: ? - help, Shift-Dir - straight line, f/p - deep elf annihilator
Aim: a deep elf annihilator, wielding a battleaxe of freezing and wearing a scale mail (severely wounded)
The bolt of acid hits the deep elf annihilator.
The deep elf annihilator is splashed with acid.
The acid corrodes the deep elf annihilator!
The deep elf annihilator is almost dead.
This wand has 8 charges left.
The deep elf annihilator points at you and mumbles some strange words.
The bolt of lightning hits you!
You die...
Your body crumbles into a pile of gold.

##################*******
#...?..$@.........,,,,,,,
#.....e§§.........,,,,,,,
#....§.###########*******
#................,,,,,,,,
#.....e..........,,,,,,,,
#................,,,,,***
#..#.............,*+++* *
#..#..........#+++*,,,***
#..#.....$....#,,,*,∩,**,


You could see a deep elf annihilator.

Vanquished Creatures
  Nikola (Spider:4)
  A Cloud Mage (WizLab)
  Rupert (Orc:2)
  A lich (Vaults:4)
  5 titans (Vaults:5)
  A deep elf master archer (Elf:3)
  2 deep elf blademasters
  Gastronok (D:12)
  The ghost of Slowdrip the Warrior, an adept CeGl of Trog (Swamp:2)
  2 thorn hunters
  8 tengu reavers
  Kirke (Spider:1)
  4 shadow dragons
  A storm dragon (Vaults:2)
  2 ghost moths (Spider:4)
  The ghost of p0werm0de the Brawler, an adept FoNe of Uskayaw (Elf:3)
  2 fire giants
  3 frost giants
  11 deep elf sorcerers
  Louise (Swamp:4)
  5 vault wardens
  9 emperor scorpions
  A deep elf elementalist (Elf:2)
  2 war gargoyles (Vaults:4)
  A ghoul (Vaults:3)
  15 ironheart preservers
  A very ugly thing (Vaults:4)
  7 entropy weavers
  6 stone giants
  6 deep elf demonologists
  8 deep elf annihilators
  4 ettins
  9 deep elf death magi
  3 deep elf high priests
  12 ogre magi
  A minotaur (Lab)
  A fire dragon (Vaults:2)
  4 ice dragons
  A great orb of eyes (Vaults:2)
  29 vault guards
  8 yaktaur captains
  2 rakshasas (Vaults:3)
  17 hydras
  Erica (Lair:2)
  5 centaur warriors
  2 spriggan air magi (WizLab)
  A death knight (Vaults:4)
  34 two-headed ogres
  3 deep troll shamans
  6 alligators
  A vampire mage (Vaults:3)
  3 death yaks (Lair:6)
  6 orc high priests
  4 deep troll earth magi
  8 deep elf knights
  3 shadow wraiths
  4 skeletal warriors (Vaults:2)
  A storm dragon zombie (Vaults:4)
  3 fire crabs (shapeshifter) (Vaults:3)
  3 unseen horrors
  16 deep trolls
  2 spriggan druids (Swamp:4)
  11 deep elf archers
  2 lindwurms (Lair:6)
  10 swamp dragons
  2 storm dragon skeletons (Vaults:4)
  7 harpies
  3 shambling mangroves
  A harpy (shapeshifter) (Vaults:3)
  2 phantasmal warriors (Vaults:5)
  13 ironbrand convokers
  4 wizards
  8 necromancers
  31 wolf spiders
  17 orc knights
  7 orc sorcerers
  5 cyclopes
  A shadow dragon skeleton (Vaults:4)
  5 ugly things (Vaults:3)
  13 orb spiders
  34 deep elf magi
  A shining eye (shapeshifter) (Vaults:4)
  3 manticores
  A salamander (shapeshifter) (Vaults:1)
  A manticore (shapeshifter) (Vaults:5)
  A stone giant zombie (Vaults:4)
  12 elephants
  2 moths of wrath
  A frost giant skeleton (Vaults:1)
  12 vault sentinels
  A centaur zombie (D:11)
  4 black mambas
  2 gargoyles
  13 spiny frogs
  A human zombie (Vaults:4)
  4 centaur skeletons
  2 torpor snails
  A kobold demonologist (Bailey)
  14 yaktaurs
  3 rime drakes
  3 komodo dragons
  18 demonic crawlers
  8 wind drakes (WizLab)
  A harpy zombie (D:14)
  6 trolls
  2 polar bears (shapeshifter) (Vaults:2)
  43 jumping spiders
  A polar bear (Lair:5)
  10 hornets
  5 tyrant leeches
  13 bog bodies
  A tyrant leech (shapeshifter) (Vaults:4)
  3 dream sheep (Lair:6)
  Prince Ribbit (D:5)
  8 hippogriffs
  A hippogriff (shapeshifter) (Vaults:3)
  10 blink frogs
  10 slime creatures
  A raiju (shapeshifter) (Vaults:3)
  2 shadows
  A centaur simulacrum (D:14)
  93 redbacks
  27 air elementals
  A wraith (D:12)
  60 orc warriors
  5 water elementals
  36 tarantellas
  49 yaks
  4 spriggans
  3 fire elementals
  8 basilisks
  15 humans (D:13)
  2 wyverns
  A fire bat (D:9)
  2 hogs (Spider:1)
  29 vampire mosquitoes
  A steam dragon (D:9)
  A hungry ghost (D:8)
  14 swamp worms
  Menkaure (D:5)
  9 wargs
  17 water moccasins
  A soldier ant (D:13)
  2 acid dragons
  20 insubstantial wisps
  Edmund (D:5)
  A porcupine (Lair:5)
  3 phantoms
  15 swamp drakes
  3 sky beasts (D:10)
  An eye of draining (D:12)
  5 ice beasts
  A necrophage (D:8)
  39 ogres
  5 wolves
  4 boggarts (Vaults:3)
  6 centaurs
  4 human skeletons
  10 crocodiles
  5 big kobolds
  14 bullfrogs
  A gnoll sergeant (D:6)
  A water moccasin zombie (D:11)
  An earth elemental (Elf:2)
  A scorpion (D:7)
  A water moccasin skeleton (D:8)
  10 wights
  8 electric eels
  7 howler monkeys
  4 crimson imps
  A bullfrog zombie (D:10)
  7 hounds
  A quasit (D:13)
  2 human simulacra (Vaults:4)
  21 orc priests
  3 jellies
  2 bullfrog skeletons
  4 iguanas
  A gnoll shaman (D:6)
  37 orc wizards
  12 worker ants
  A hound zombie (D:10)
  A hound skeleton (D:10)
  9 gnolls
  8 adders
  2 shadow imps
  An ooze (D:2)
  2 adder zombies
  An adder skeleton (D:5)
  A dart slug (D:2)
  6 leopard geckos
  105 orcs
  6 giant cockroaches
  22 goblins
  24 hobgoblins
  12 jackals
  21 kobolds
  5 quokkas
  A ball python (D:3)
  3 bats
  4 frilled lizards
  A quokka zombie (D:7)
  4 rats
  2 fungi (Lair:1)
  4 plants
1600 creatures vanquished.

Vanquished Creatures (collateral kills)
  A war gargoyle (Vaults:5)
  An ironheart preserver (Vaults:3)
  A hippogriff (D:12)
  A bullfrog (D:6)
  An orc priest (D:12)
  An orc wizard (D:12)
  4 gnolls (D:6)
  An orc (D:12)
  A hobgoblin (D:6)
  A kobold (D:6)
13 creatures vanquished.

Vanquished Creatures (others)
  A fire giant (Vaults:5)
  4 dancing weapons
  An ogre mage (Vaults:3)
  A deep elf knight (Elf:2)
  An orb spider (Spider:4)
  A deep elf mage (Elf:2)
  A redback (Spider:4)
  3 humans (Spider:1)
  An insubstantial wisp (WizLab)
  An ogre (Vaults:3)
  A centaur (D:6)
  2 wights (D:6)
  A hound (D:6)
  A gnoll (D:4)
  An orc (Vaults:4)
  4 briar patches (Swamp:1)
  4 fungi
  14 plants
  8 toadstools (Swamp:1)
51 creatures vanquished.

Grand Total: 1664 creatures vanquished

Notes
Turn   | Place    | Note
-------+----------+-------------------------------------------
     0 | D:1      | 4thArraOfDagon the Mummy Artificer began the quest for the Orb.
     0 | D:1      | Reached XP level 1. HP: 15/15 MP: 2/2
     0 | D:1      | 4thArraOfDagon: ye, paralysis etc :(
     0 | D:1      | p0werm0de: pretty nice turncount there in tomb 3
     0 | D:1      | p0werm0de: k
     0 | D:1      | p0werm0de: gl
     0 | D:1      | p0werm0de: mummy is a pain
     0 | D:1      | 4thArraOfDagon: i was wishing for 21-22k turns
     0 | D:1      | p0werm0de: !hs * mu-- -7
     0 | D:1      | beem: 307374/307380. Poncheis the Demonologist (L27 MuSu of Sif Muna), escaped with the Orb and 15 runes on 2012-07-07 05:10:18, with 26980565 points after 54614 turns and 6:44:14.
     0 | D:1      | p0werm0de: !hs * mu-- -8
     0 | D:1      | beem: 307373/307380. Lavandula the Lord of Darkness (L27 MuAM of Kikubaaqudgha), escaped with the Orb and 15 runes on 2017-07-10 09:17:40, with 26626185 points after 55533 turns and 13:30:16.
     0 | D:1      | p0werm0de: this is best mu game after 0.15 or sth
     0 | D:1      | 4thArraOfDagon: !hs * muar
     0 | D:1      | beem: 5128. tomatochips the Grand Gadgeteer (L27 MuAr of Pakellas), escaped with the Orb and 15 runes on 2016-02-02 19:09:37, with 13093520 points after 123469 turns and 13:33:49.
     0 | D:1      | p0werm0de: !hs * mu-- -8 -log
     0 | D:1      | beem: 307373/307380. Lavandula, XL27 MuAM, T:55533: https://underhound.eu:81/crawl/morgue/Lavandula/morgue-Lavandula-20170710-091740.txt
     0 | D:1      | p0werm0de: he went with kiku and infest spam
     0 | D:1      | p0werm0de: +regen
     0 | D:1      | 4thArraOfDagon: oh
     0 | D:1      | p0werm0de: !hs * mu-- -9 -log
     0 | D:1      | beem: 307372/307380. p0werm0de, XL27 MuCK, T:57835: http://crawl.xtahua.com/crawl/morgue/p0werm0de/morgue-p0werm0de-20170804-031302.txt
     0 | D:1      | p0werm0de: i tried this shit
     0 | D:1      | 4thArraOfDagon: did you try nemelex?
     0 | D:1      | p0werm0de: is rly tough
     0 | D:1      | p0werm0de: nope
     0 | D:1      | p0werm0de: should be good though
     0 | D:1      | 4thArraOfDagon: lets do this shit, it cant be THAT bad
     0 | D:1      | p0werm0de: ye gl ;D
    23 | D:1      | Reached skill level 1 in Short Blades
    36 | D:1      | Thaneod: Charlatan
   315 | D:2      | Reached XP level 2. HP: 13/21 MP: 3/3
   583 | D:4      | Found a staircase to the Ecumenical Temple.
   588 | D:4      | Reached XP level 3. HP: 26/26 MP: 3/5
   654 | Temple   | Entered the Ecumenical Temple
   670 | Temple   | 4thArraOfDagon: or just gozy
   688 | Temple   | p0werm0de: for sure is good
   695 | Temple   | p0werm0de: makh too
   762 | Temple   | Became a worshipper of Gozag Ym Sagoz the Greedy
  1596 | D:1      | Reached XP level 4. HP: 22/32 MP: 6/6
  2410 | D:3      | Found an iron altar of Okawaru.
  2887 | D:4      | You fall through a shaft!
  2887 | D:5      | Entered Level 5 of the Dungeon
  2904 | D:5      | Noticed Menkaure
  2914 | D:5      | Killed Menkaure
  2914 | D:5      | Reached XP level 5. HP: 30/43 MP: 7/7
  3040 | D:5      | Noticed Prince Ribbit
  3168 | D:6      | Reached XP level 6. HP: 38/50 MP: 8/8
  3335 | D:6      | Reached skill level 5 in Fighting
  3435 | D:6      | Found a shimmering altar of Xom.
  3437 | D:6      | Found a shattered altar of Ashenzari.
  3437 | D:6      | Found a shattered altar of Ashenzari.
  3439 | D:6      | Found a hazy altar of Hepliaklqana.
  3439 | D:6      | Found a blossoming altar of Fedhas.
  3439 | D:6      | Found a snail-covered altar of Cheibriados.
  3576 | D:6      | Reached skill level 1 in Long Blades
  3762 | D:6      | Reached XP level 7. HP: 57/58 MP: 9/9
  3799 | D:6      | Reached skill level 2 in Long Blades
  3807 | D:6      | Reached skill level 3 in Long Blades
  4027 | D:6      | Killed an orc warrior
  4027 | D:6      | Reached skill level 4 in Long Blades
  4029 | D:6      | Reached skill level 5 in Long Blades
  4029 | D:6      | Reached XP level 8. HP: 48/64 MP: 10/10
  4273 | D:6      | Reached skill level 6 in Long Blades
  4632 | D:5      | Reached skill level 1 in Armour
  4932 | D:5      | Noticed Edmund
  4933 | D:5      | Found a sparkling altar of Nemelex Xobeh.
  4941 | D:5      | Killed Edmund
  4953 | D:5      | Killed Prince Ribbit
  4953 | D:5      | Reached skill level 7 in Long Blades
  4953 | D:5      | Reached XP level 9. HP: 6/69 MP: 11/11
  5088 | D:5      | Noticed a white ugly thing
  5759 | D:4      | Found an ornate altar of the Wu Jian Council.
  6630 | D:6      | Found a sacrificial altar of Ru.
  6961 | D:7      | Found a snail-covered altar of Cheibriados.
  7023 | D:7      | Found a bloodstained altar of Trog.
  7024 | D:7      | Found a glowing silver altar of Zin.
  7024 | D:7      | Found a shadowy altar of Dithmenos.
  7026 | D:7      | Found a radiant altar of Vehumet.
  7081 | D:7      | Found a blossoming altar of Fedhas.
  7082 | D:7      | Found an ancient bone altar of Kikubaaqudgha.
  7155 | D:7      | Found Oxoxzeof's Island Escapes.
  7426 | D:8      | Reached skill level 8 in Long Blades
  7728 | D:8      | Noticed Psyche
  7735 | D:8      | Noticed Psyche
  7735 | D:8      | Psyche changed into Psyche the warg
  7742 | D:8      | Killed Psyche the warg
  7887 | D:8      | Found a glowing golden altar of the Shining One.
  8160 | D:8      | Reached XP level 10. HP: 65/76 MP: 12/12
  8747 | D:9      | Reached skill level 9 in Long Blades
  8830 | D:10     | Entered Level 10 of the Dungeon
  8905 | D:11     | Noticed a manticore
  8909 | D:11     | Killed a manticore
  8909 | D:11     | Reached skill level 5 in Dodging
  9198 | D:10     | Found a staircase to the Lair.
  9373 | D:11     | Reached skill level 5 in Armour
  9821 | D:12     | Reached skill level 10 in Long Blades
  9857 | D:12     | Found an iron altar of Okawaru.
  9927 | D:12     | Noticed a cyclops
  9946 | D:12     | Killed a cyclops
  9985 | D:12     | Found a flagged portal.
  9995 | Bailey   | Entered a bailey
 10264 | Bailey   | Reached XP level 11. HP: 81/81 MP: 13/13
 10310 | Bailey   | Noticed a sun demon
 10315 | Bailey   | Noticed an orc sorcerer
 10325 | Bailey   | Killed an orc sorcerer
 10337 | Bailey   | Found an iron altar of Okawaru.
 10531 | Bailey   | Noticed an orc knight
 10543 | Bailey   | Killed an orc knight
 10772 | Bailey   | Noticed an orc knight
 10779 | Bailey   | Killed an orc knight
 10940 | D:12     | 4thArraOfDagon: lets rock
 10942 | D:12     | Thaneod: !
 10948 | D:12     | 4thArraOfDagon: hmm
 10948 | D:12     | Thaneod: +27 lauberk
 10948 | D:12     | Bought the +27 Lear's hauberk for 2602 gold pieces
 10948 | D:12     | Found the +27 Lear's hauberk
 10949 | D:12     | Bought a +2 vampiric great sword for 346 gold pieces
 10950 | D:12     | Thaneod: and vamp sword
 10957 | D:12     | 4thArraOfDagon: what
 10957 | D:12     | Thaneod: why you cannot wear it?
 11000 | D:12     | Thaneod: please please dont die. 40 ac in dungeon lvl 12...
 11135 | D:12     | Killed an unseen horror
 11135 | D:12     | Reached skill level 11 in Long Blades
 11163 | D:12     | Noticed a centaur warrior
 11176 | D:12     | Killed a centaur warrior
 11264 | D:12     | Noticed Gastronok
 11284 | D:12     | Noticed a two-headed ogre
 11298 | D:12     | Killed a two-headed ogre
 11315 | D:12     | Noticed a two-headed ogre
 11325 | D:12     | Killed a two-headed ogre
 11638 | D:10     | Reached XP level 12. HP: 88/88 MP: 14/14
 11678 | D:9      | Found a roughly hewn altar of Beogh.
 11678 | D:9      | Found a staircase to the Orcish Mines.
 11880 | D:9      | tidbits: 4aod is a legend; legends never die.
 12069 | D:10     | Found Samimase's Gadget Emporium.
 12108 | D:10     | 4thArraOfDagon: it is just ac
 12262 | D:12     | Killed Gastronok
 12432 | D:12     | Reached skill level 12 in Long Blades
 12674 | D:13     | tidbits: how nice would it be irl if you could just swing your sword towards air, you'd heal up and eventually gold dropped on the floor
 12852 | D:13     | Thaneod: ^^
 12977 | D:13     | Found a gate to the Vaults.
 12977 | D:13     | Noticed a vault guard
 12977 | D:13     | Noticed a vault guard
 12977 | D:13     | Noticed a vault guard
 13012 | D:13     | Killed a vault guard
 13037 | D:13     | Killed a vault guard
 13072 | D:13     | Killed a vault guard
 13118 | D:13     | Gained mutation: You are in touch with the powers of death. [Mummy growth]
 13118 | D:13     | Reached XP level 13. HP: 59/98 MP: 15/15
 13327 | D:14     | Found Momyamm's Distillery.
 13449 | D:14     | Reached skill level 13 in Long Blades
 13466 | D:14     | Noticed Frances
 13568 | D:13     | Identified Easy Sorcery
 13575 | D:13     | Learned a level 2 spell: Blink
 13575 | D:13     | Found a glowing golden altar of the Shining One.
 13655 | D:13     | Found a glowing silver altar of Zin.
 13752 | D:13     | Learned a level 1 spell: Animate Skeleton
 13754 | D:13     | Learned a level 1 spell: Apportation
 13766 | D:14     | Found Mahel's Antique Weapon Boutique.
 13766 | D:14     | Found Puzumm's Antique Armour Boutique.
 13793 | D:15     | Entered Level 15 of the Dungeon
 14377 | Orc:1    | Entered Level 1 of the Orcish Mines
 14687 | Orc:1    | Noticed an ettin
 14710 | Orc:1    | Killed an ettin
 14934 | Orc:2    | Entered Level 2 of the Orcish Mines
 14957 | Orc:2    | Found a roughly hewn altar of Beogh.
 15082 | Orc:2    | p0werm0de: https://soundcloud.com/thebergenz/meeresrausch-festival-2017-korallenriff-closing
 15198 | Orc:2    | p0werm0de: thanod you liked the last one
 15218 | Orc:2    | p0werm0de: RAKETE
 15226 | Orc:2    | Rhok: &dump 4thArraOfDagon
 15233 | Orc:2    | beem: http://CRAWL.XTAHUA.COM/crawl/morgue/4thArraOfDagon/4thArraOfDagon.txt
 15523 | Orc:2    | Found Giril's Jewellery Boutique.
 15523 | Orc:2    | Found Xusapeqa's Antique Weapon Boutique.
 15524 | Orc:2    | Found Pecsoso's Assorted Antiques.
 15529 | Orc:2    | Found Gere Vestef's Book Emporium.
 15533 | Orc:2    | tarantulino: what does gozag actually do?
 15543 | Orc:2    | Bought an uncursed amulet of regeneration for 510 gold pieces
 15543 | Orc:2    | Rhok: potion petition
 15546 | Orc:2    | Rhok: call merchants
 15546 | Orc:2    | Rhok: ??gozag
 15546 | Orc:2    | Bought a scroll of enchant weapon for 270 gold pieces
 15546 | Orc:2    | beem: gozag[1/7]: The greedy god of gold. Turns corpses into gold, which gives a distraction status that may cause enemies to lose turns. Lets you use {potion petition}, lets you {call merchant}s, and lets you {bribe branch}es. Does not have a normal piety system.
 15748 | Orc:2    | Reached XP level 14. HP: 108/108 MP: 16/16
 15789 | Orc:1    | tarantulino: but i mean why would you pick this god
 15873 | Orc:1    | nublet: potion effects on mummies who can't use potions normally
 15874 | Orc:1    | tidbits: it provides curing if a mummy gets confused
 15875 | Orc:1    | Rhok: with a mummy
 15885 | Orc:1    | Rhok: potion petition is strong
 15957 | Orc:1    | tarantulino: cant you get bad potions?
 16005 | Orc:2    | nublet: you choose between 3 choices
 16036 | Orc:2    | Found Lusiunla's Gadget Shoppe.
 16047 | Orc:2    | Noticed Rupert
 16049 | Orc:2    | Rhok: ??potion petition
 16050 | Orc:2    | beem: potion petition[1/1]: Lets you buy one of three random lists of potion effects, with price depending on the number and type of potions offered (approximately 200 - 1000 gold) . The ability cost is free the first time and 400 gold from then on. Possible potions: heal wounds, curing, magic, resistance, berserk, might, brilliance, agility, flight, invisibility.
 16060 | Orc:2    | Killed Rupert
 16060 | Orc:2    | Reached skill level 14 in Long Blades
 16098 | Orc:2    | Found a staircase to the Elven Halls.
 16145 | Orc:2    | Rhok: none bad but
 16145 | Orc:2    | Bought a wand of clouds (4/9) for 288 gold pieces
 16156 | Orc:2    | Rhok: you cant choose the exact potion you want
 16156 | Orc:2    | Rhok: i believe
 16234 | Lair:1   | Entered Level 1 of the Lair of Beasts
 16425 | Lair:1   | Rhok: chill music, p0wer ;)
 16503 | Lair:1   | nublet: i once listened to one of those, and then got killed
 16598 | Lair:1   | nublet: totally his fault >:O
 16682 | Lair:2   | Rhok: hahah
 16703 | Lair:2   | Found a staircase to the Swamp.
 16715 | Lair:2   | Noticed Erica
 16725 | Lair:2   | Killed Erica
 16932 | Lair:3   | Found a labyrinth entrance.
 16946 | Lab      | Entered a labyrinth
 17028 | Lab      | tidbits: snort synonyms: snicker, snigger, boo, hoot, Bronx cheer, hiss, raspberry, razzing, razz, bird, call, cry, laugh, laughter, outcry, shout, vociferation, yell
 17042 | Lab      | Got a twisted leather armour
 17052 | Lab      | Found the +10 zealot's sword {holy, *Rage rN+ EV+3}
 17053 | Lab      | :(
 17064 | Lab      | nublet: ??zealot's sword
 17064 | Lab      | beem: sword of righteousness[1/2]: +10 eudemon blade of holy wrath, berserkitis, rN+, EV+3, and stealth-. The berserkitis triggers on 3% of attacks. Going berserk (by any means) while wielding this sword will cause all natural-holiness allies in LOS to go berserk as well.
 17527 | Lair:5   | p0werm0de: you cant use gozag abilities confused!
 17529 | Lair:5   | p0werm0de: dont spread misinformation
 17530 | Lair:5   | p0werm0de: ,d
 17533 | Lair:5   | tidbits: no?
 17560 | Lair:4   | p0werm0de: noe
 17567 | Lair:4   | Reached skill level 10 in Fighting
 17618 | Lair:5   | nublet: really?
 17620 | Lair:5   | tidbits: /slap tidbits
 17636 | Lair:5   | Found a viscous altar of Jiyva.
 17636 | Lair:5   | Found a staircase to the Slime Pits.
 17648 | Lair:6   | Entered Level 6 of the Lair of Beasts
 17671 | Lair:6   | p0werm0de: rus heal can remove confuse
 17739 | Lair:6   | nublet: was it changed recently?
 17831 | Lair:6   | Reached skill level 10 in Armour
 17946 | Lair:6   | p0werm0de: no clue
 17973 | Lair:6   | p0werm0de: but i played goz mu and it doesnt work
 17982 | Lair:6   | p0werm0de: in 0.21
 18023 | Lair:6   | Reached skill level 15 in Long Blades
 18292 | Lair:6   | Rhok: !hs MuAr
 18299 | Lair:6   | beem: No games for MuAr (sc<1000000000).
 18351 | Lair:6   | tidbits: !hs * muar
 18361 | Lair:6   | beem: 5128. tomatochips the Grand Gadgeteer (L27 MuAr of Pakellas), escaped with the Orb and 15 runes on 2016-02-02 19:09:37, with 13093520 points after 123469 turns and 13:33:49.
 18362 | Lair:6   | Reached XP level 15. HP: 117/117 MP: 17/17
 18396 | Lair:6   | Rhok: that
 18542 | Lair:6   | Rhok: is 4th going for hiscore tho ?
 19081 | Lair:4   | nublet: tested confusion offline, you're right, it's at least since .17
 19236 | Lair:1   | p0werm0de: yy no one trust my words
 19355 | Elf:1    | Entered Level 1 of the Elven Halls
 19355 | Elf:1    | p0werm0de: im used to that alrdy
 19365 | Elf:1    | p0werm0de: no worries
 19368 | Elf:1    | p0werm0de: !!
 19375 | Elf:2    | tidbits: i do p0
 19375 | Elf:2    | nublet: i could have sweared it worked
 19377 | Elf:2    | p0werm0de: ill come ya game and talkshit
 19581 | Elf:3    | Entered Level 3 of the Elven Halls
 19681 | Elf:3    | Noticed p0werm0de's ghost (adept FoNe)
 19682 | Elf:3    | p0werm0de: ;D
 19682 | Elf:3    | Rhok: hahaha
 19682 | Elf:3    | nublet: haha
 19682 | Elf:3    | Rhok: there you are
 19694 | Elf:3    | p0werm0de: this one was rly weak
 19706 | Elf:3    | Killed p0werm0de's ghost
 19707 | Elf:3    | rip BUD
 19712 | Elf:3    | Rhok: ez
 19714 | Elf:3    | tidbits: one of p0's speedrunners
 19734 | Elf:3    | nublet: even then you're not the one killed by zombie
 19783 | Elf:3    | nublet: (still sore about that)
 19783 | Elf:3    | Noticed a deep elf sorcerer
 19805 | Elf:3    | Killed a deep elf sorcerer
 19883 | Elf:3    | Found a gateway to a bazaar.
 19928 | Elf:3    | tidbits: is there a way to get a log about the game where your ghost was the ghostfacekilla?
 19950 | Bazaar   | Entered a bazaar
 19967 | Bazaar   | Found Piadywu's Gadget Shop.
 19996 | Bazaar   | p0werm0de: ye but dunno how
 19996 | Bazaar   | Found Soes's Gadget Shop.
 20000 | Bazaar   | Bought a wand of digging (15/24) for 456 gold pieces
 20000 | Bazaar   | p0werm0de: vev knew this type of commands
 20011 | Bazaar   | p0werm0de: prob can ask in irc
 20012 | Bazaar   | Found Fowk's Distillery.
 20032 | Bazaar   | Found Plog's Distillery.
 20077 | Elf:2    | Reached skill level 16 in Long Blades
 20535 | Elf:3    | ,.,,
 20606 | Elf:1    | Found Wuilit's Weapon Emporium.
 20981 | Elf:3    | Noticed a deep elf blademaster
 21030 | Elf:2    | Killed a deep elf blademaster
 21105 | Elf:3    | Noticed a deep elf sorcerer
 21131 | Elf:3    | Killed a deep elf sorcerer
 21152 | Elf:3    | Noticed a deep elf blademaster
 21183 | Elf:3    | Killed a deep elf blademaster
 21202 | Elf:3    | Reached XP level 16. HP: 87/127 MP: 18/18
 21207 | Elf:3    | Reached skill level 17 in Long Blades
 21411 | Elf:3    | Noticed a deep elf master archer
 21451 | Elf:3    | Killed a deep elf master archer
 21548 | Elf:3    | hmm
 21887 | Elf:3    | Got a scorched crystal amulet
 22089 | Elf:3    | Identified the amulet of Fixogoc {RegenMP Stlth+} (You took it off a deep elf demonologist on level 3 of the Elven Halls)
 22113 | Elf:3    | Reached skill level 18 in Long Blades
 22209 | Elf:3    | ReniFell: u mean the game when ur ghost killed u or what
 22270 | Elf:3    | tidbits: no, when my ghost killed someone particular
 22303 | Elf:3    | ReniFell: !log * killer=tidbits's_ghost
 22308 | Elf:3    | beem: 7. Dominolapin, XL5 VpWr, T:4639: http://crawl.xtahua.com/crawl/morgue/Dominolapin/morgue-Dominolapin-20170906-161900.txt
 22328 | Elf:3    | ReniFell: like that
 22332 | Elf:3    | ReniFell: ?
 22352 | Elf:3    | tidbits: kk thx
 22403 | Elf:3    | Identified the Almanac of Ensnaring Air
 22425 | Elf:3    | Learned a level 4 spell: Control Undead
 22430 | Elf:3    | Learned a level 4 spell: Animate Dead
 22438 | Elf:3    | Got shimmering ice dragon scales
 22440 | Elf:3    | Got a polished long sword
 22445 | Elf:3    | Identified Ticuisex's Tome of Creative Enchantment
 22447 | Elf:3    | Identified the +8 long sword "Rat Qoaf" {drain, *Drain +Inv rElec Dex+4} (You found it on level 3 of the Elven Halls)
 22453 | Elf:3    | Identified the +7 ice dragon scales of Nobility {rF- rC++ Str-4 Dex+4} (You found it on level 3 of the Elven Halls)
 22471 | Elf:3    | Identified Sif Muna's Catalogue of Unstable Evil Arts
 22538 | Elf:3    | Learned a level 2 spell: Passwall
 22738 | Swamp:1  | Entered Level 1 of the Swamp
 22756 | Swamp:1  | Reached skill level 1 in Necromancy
 22768 | Swamp:1  | Reached skill level 1 in Spellcasting
 22951 | Swamp:1  | Noticed a thorn hunter
 22979 | Swamp:1  | Killed a thorn hunter
 23312 | Swamp:3  | Noticed a thorn hunter
 23330 | Swamp:3  | Killed a thorn hunter
 23342 | Swamp:3  | Identified the +0 leather armour of Puij {+Inv} (You took it off a minotaur in a labyrinth)
 23671 | Swamp:3  | Reached XP level 17. HP: 133/133 MP: 22/22
 23710 | Swamp:2  | Noticed Slowdrip's ghost (adept CeGl)
 23740 | Swamp:2  | Killed Slowdrip's ghost
 23740 | Swamp:2  | Reached skill level 5 in Necromancy
 23965 | Swamp:4  | Entered Level 4 of the Swamp
 24250 | Swamp:4  | HP: 6/133 [shambling mangrove (8)]
 24576 | Swamp:4  | Got a decaying rune of Zot
 24609 | Swamp:4  | Reached skill level 5 in Spellcasting
 24687 | Swamp:4  | Noticed Louise
 24693 | Swamp:4  | Killed Louise
 24776 | Swamp:4  | Learned a level 6 spell: Death Channel
 24996 | Lair:3   | Found a hole to the Spider Nest.
 25065 | Spider:1 | Entered Level 1 of the Spider Nest
 25206 | Spider:1 | Noticed Kirke
 25229 | Spider:1 | Killed Kirke
 25306 | Spider:1 | Reached skill level 19 in Long Blades
 25422 | Spider:1 | Got a bloodstained cloak
 25433 | Spider:1 | Identified the +5 cloak of Monotheism {rC+ Str+6 Dex-2} (You found it on level 1 of the Spider Nest)
 26398 | Spider:3 | Reached XP level 18. HP: 135/140 MP: 29/29
 26938 | Spider:4 | Entered Level 4 of the Spider Nest
 27006 | Spider:4 | Reached skill level 10 in Necromancy
 27103 | Spider:4 | Identified the +1 leather armour of Atheism {rN+ MR+} (You found it on level 4 of the Spider Nest)
 27932 | Spider:4 | Noticed Nikola
 27963 | Spider:4 | Killed Nikola
 28238 | Spider:4 | Got a gossamer rune of Zot
 28556 | Vaults:1 | Entered Level 1 of the Vaults
 28623 | Vaults:1 | Found a magical portal.
 28632 | WizLab   | Entered The Chambers of the Cloud Mage
 29119 | WizLab   | Noticed Toil
 29161 | WizLab   | Killed Toil the Cloud Mage
 29192 | WizLab   | Identified the Guide on the Birds
 29194 | WizLab   | Identified Sif Muna's Disquisition on Air
 29324 | Vaults:1 | Identified the +3 ring mail of Lugonu's Condemnation {rN+} (You found it on level 1 of the Vaults)
 29410 | Vaults:1 | Reached skill level 10 in Spellcasting
 29584 | Vaults:1 | Found Aquwahuv's Armour Shoppe.
 29675 | Vaults:1 | Reached XP level 19. HP: 146/146 MP: 33/33
 29974 | Vaults:2 | Found Ummi's Weapon Boutique.
 30152 | Vaults:2 | Sergey: !hs * MuAr
 30164 | Vaults:2 | beem: 5128. tomatochips the Grand Gadgeteer (L27 MuAr of Pakellas), escaped with the Orb and 15 runes on 2016-02-02 19:09:37, with 13093520 points after 123469 turns and 13:33:49.
 30454 | Vaults:2 | Asgaroth: Sergey по русски не шпрехаешь случаем?)
 30508 | Vaults:2 | Sergey: чуть-чуть
 30545 | Vaults:2 | Asgaroth: )
 30751 | Vaults:2 | Asgaroth: бля уже год изредка захожу поиграть и постоянно сливаюсь где-нибудь в середине((
 31031 | Vaults:3 | Sergey: надо медленн играть
 31068 | Vaults:2 | Sergey: тогда победить не сложно
 31144 | Vaults:3 | Asgaroth: да я знаю, мне просто еще в падлу классическими комбами играть тип милишников чистых или магов
 31152 | Vaults:3 | Asgaroth: я скальдов люблю и трансмьютов
 31200 | Vaults:3 | Asgaroth: и хочется не просто победить а все 15 рун забрать, хотя даже 3 еще не взял)
 31207 | Vaults:3 | Sergey: я сейчас котом трансмутером 4 руну собрал
 31228 | Vaults:3 | Asgaroth: да я видел)
 31290 | Vaults:3 | Asgaroth: эт ваще жесть за кота
 31316 | Vaults:3 | Asgaroth: в начале
 31353 | Vaults:3 | Reached skill level 10 in Dodging
 31390 | Vaults:3 | Asgaroth: я вот тоже мазохист оьсминожку люблю
 31418 | Vaults:3 | Sergey: если взять мага, то нормально
 31619 | Vaults:3 | Sergey: !lg asgaroth
 31624 | Vaults:3 | beem: No games for asgaroth.
 31636 | Vaults:3 | Asgaroth: ну и да понятно что подыхаю когда вхожу в раш и прожимаю таб слишком часто не помедлив((
 31657 | Vaults:3 | Sergey: ты оффлайн играешь ?
 31673 | Vaults:3 | Asgaroth: ага
 31744 | Vaults:3 | Asgaroth: инет в общаге пропадает периодически, не оч хочется)
 31791 | Vaults:3 | Reached XP level 20. HP: 153/153 MP: 34/36
 31916 | Vaults:3 | Asgaroth: вот ток что угробил скальда в паучьем гнезде на последнем этаже
 31930 | Vaults:3 | Asgaroth: какой-то дикий босс внезапно из=за угла вышел сук
 32004 | Vaults:3 | Asgaroth: забыл имя
 32801 | Vaults:4 | Asgaroth: а че эт у тебя много где по 12-14 рун тип под цонец там ваще жопа? прост я до ада ни разу не доходил еще
 32979 | Vaults:4 | Noticed Mennas
 33180 | Vaults:4 | Reached skill level 15 in Necromancy
 33488 | Vaults:4 | Sergey: там не сложнее, просто иногда мутаций всяких наберу или свитки блинка кончатся
 33677 | Vaults:4 | Thaneod: 什么?
 33678 | Vaults:4 | Sergey: или просто страшно за какой-то руной идти
 33708 | Vaults:4 | Asgaroth: у меня блинк всегда кончается уже в середине))
 33733 | Vaults:4 | Asgaroth: ясн
 33881 | Vaults:4 | Asgaroth: ща попробую онлайн что ли, там от оффлайна чем-нить отличается вообще?
 33993 | Vaults:4 | zero: Народ, а как beem пользоваться, что это - бот или что
 33996 | Vaults:4 | Sergey: смотря какая версия
 34083 | Vaults:4 | Sergey: бот
 34097 | Vaults:4 | Sergey: нас сейчас выгонят отсюда, что мы на русском общаемся
 34097 | Vaults:4 | zero: =)
 34097 | Vaults:4 | Bought the +11 plutonium sword {*Contam Stlth-} for 3200 gold pieces
 34097 | Vaults:4 | Found the +11 plutonium sword {*Contam Stlth-}
 34097 | Vaults:4 | Asgaroth: rus invasion sry guys)
 34100 | Vaults:4 | Asgaroth: бля у меня не одна кнопка не работает онлайн чет
 34100 | Vaults:4 | Thaneod: :)
 34102 | Vaults:5 | Entered Level 5 of the Vaults
 34129 | Vaults:4 | Reached skill level 20 in Long Blades
 34144 | Vaults:4 | Reached skill level 1 in Translocations
 34242 | Vaults:4 | Reached XP level 21. HP: 155/159 MP: 38/38
 34414 | Vaults:4 | Thaneod: Mennas in on lvl 3?
 34707 | Vaults:5 | HMM
 35029 | Vaults:5 | Found Xarul's Distillery.
 35029 | Vaults:5 | Found Keyl's Distillery.
 35035 | Vaults:5 | Noticed a golden dragon
 35169 | Vaults:5 | Got a glittering lapis lazuli ring
 35467 | Vaults:5 | Identified the ring "Jel Vitt" {rF+ rN+} (You found it on level 5 of the Vaults)
 35618 | Vaults:5 | Killed from afar by a deep elf annihilator

Vault maps used:
D:1:      dpeg_arrival_central
D:2:      first_bread
D:3:      okawaru_ov_weapons_minmay, minmay_item_behind_shaft
D:4:      lemuel_coloured_pillars_altar, minmay_temple_entry_large_hall,
          kennysheep_generic_room_12
D:5:      grunt_nemelex_the_gamble, uniq_edmund, uniq_menkaure,
          uniq_prince_ribbit1
D:6:      kennysheep_housing_project, kennysheep_mini, doesnt_xom_only_xom
D:7:      grunt_temple_overflow_growth_and_decay, old_standard_altar,
          grunt_temple_overflow_open, nicolae_island_escapes
D:8:      tso_oasis_becter, uniq_psyche
D:9:      david_orc_5
D:10:     lair_entry_dummy, serial_shops, shop, hangedman_fish_farm
D:12:     enter_bailey_8, basic_altar, minmay_misc_feat_columns, uniq_gastronok
D:13:     grunt_vaults_entry_tiered, basic_altar, tso_metal_star
D:14:     serial_shops, kennysheep_little_box, nicolae_shop_statue_plus, shop,
          nicolae_shop_temple_entry_statues_fountains, serial_bayou,
          serial_bayou_pond_e, serial_bayou_pond_e, serial_bayou_pond_b,
          serial_bayou_lagoon_a, uniq_frances
D:15:     grunt_enter_depths_magical_seal, st_stairs_4
Temple:   dpeg_chambers_temple
Lair:1:   wad_woods_road_02
Lair:2:   swamp_mist_pool, minivault_26, nicolae_lair_grove_arrangements,
          uniq_erica
Lair:3:   nicolae_spider_entry_tight_spaces, lab_entry_generic,
          beast_lair_carwin_9
Lair:5:   dpeg_slime_entry_enclosed_altar
Lair:6:   hangedman_lair_in_review, kennysheep_basilisk_garden,
          grunt_megastairs_1, infiniplex_staircase_pool_2, serial_bayou_shore_a,
          serial_bayou_shore_b, serial_bayou_shore_b
Swamp:1:  cheibrodos_swamp_tower_of_moss, hangedman_swamp_lotus
Swamp:2:  evilmike_swamp_ruin_house_1
Swamp:3:  evilmike_swamp_ruin_house_5, swamp_pool1
Swamp:4:  swamp_alternative, uniq_louise
Spider:1: uniq_kirke
Spider:2: einodemon_crawler_minivault
Spider:4: grunt_spider_rune_circles, spider_trap, nicolae_spider_cling_ruins,
          uniq_nikola
Orc:2:    st_orc_elflike, serial_shops, nicolae_shop_window_shopping,
          basic_altar, uniq_rupert
Elf:1:    serial_shops, shop, hangedman_elf_represent
Elf:2:    grunt_ministairs_3
Elf:3:    elf_hall, serial_shops, bzr_entry_customers
Vaults:1: hangedman_vaults_cutoff, v_misc_32, hangedman_vaults_capsules,
          vaults_room_pool, st_more_cells, serial_shops, shop, mu_enter_wizlab_5
Vaults:2: v_misc_9, hangedman_vaults_nodes, grunt_vaults_diagonal,
          nicolae_vaults_big_angled_halls, vaults_room_octagon, v_rooms_4,
          hangedman_vaults_slice, ontoclasm_vaults_spin, vaults_room_hallway,
          st_cross, vaults_room_fours, serial_shops, nicolae_shop_trees
Vaults:3: nicolae_vaults_network_s, nicolae_vaults_asterisk,
          nicolae_vaults_big_ls, nicolae_vaults_little_squares_4,
          vaults_room_fancy_cross, grunt_vaults_swirl, ontoclasm_vaults_chip,
          v_misc_29, minmay_crypt_entry_simple_statues, hangedman_vaults_trim
Vaults:4: v_misc_10, v_misc_29, vaults_mumra_minichess, vaults_room_semicircle,
          nicolae_vaults_display_case, nicolae_vaults_windows_and_doors_thing,
          ontoclasm_vaults_gateway, uniq_mennas
Vaults:5: serial_shops
Lab:      labyrinth_mini_lab
Bazaar:   dpeg_bazaar_wands
Bailey:   bailey_axe_of_yendor_kennysheep, bailey
WizLab:   wizlab_cloud

Skill      XL: |  1  2  3  4  5  6  7  8  9 10 11 12 13 14 15 16 17 18 19 20 21 |
---------------+----------------------------------------------------------------+-----
Short Blades   | 1 2 |  2.2
Evocations     | 3 |  3.1
Fighting       | 4 6 7 9 10 12 | 12.2
Long Blades    | 1 5 7 8 10 11 12 13 15 16 18 19 20 | 20.4
Armour         | 2 4 5 6 8 9 10 11 12 | 12.5
Dodging        | 2 4 5 7 8 9 10 11 | 11.7
Necromancy     | 4 9 11 13 15 | 15.4
Spellcasting   | 3 7 10 12 13 14 | 14.2
Translocations | 1 3 |  3.1
Stealth        | |  0.7

Action                   |  1- 3 |  4- 6 |  7- 9 | 10-12 | 13-15 | 16-18 | 19-21 || total
-------------------------+-------+-------+-------+-------+-------+-------+-------++-------
Melee: Short sword       |   152 |   215 |       |       |       |       |       ||   367
       Spear             |       |    69 |       |       |       |       |       ||    69
       Great sword       |       |     6 |   302 |   850 |  1718 |  2055 |  2044 ||  6975
       Scimitar          |       |       |       |       |    32 |   102 |       ||   134
Throw: Throwing net      |       |       |     1 |     2 |       |       |       ||     3
 Cast: Blink             |       |       |       |       |       |       |     1 ||     1
Invok: Potion Petition   |       |       |       |     1 |       |     2 |     1 ||     4
       Call Merchant     |       |       |       |     5 |       |       |     1 ||     6
 Abil: Evoke Flight      |       |       |       |       |     1 |       |       ||     1
       Evoke Invisibilit |       |       |       |       |       |     1 |       ||     1
Evoke: Wand              |     9 |    31 |    25 |    28 |     9 |    34 |    12 ||   148
       Box of beasts     |       |       |       |       |     1 |     1 |     1 ||     3
  Use: Scroll            |     4 |     3 |     8 |    19 |    19 |    21 |    16 ||    90
 Stab: Distracted        |       |     1 |     2 |     4 |    10 |    20 |     8 ||    45
       Confused          |       |     1 |       |       |       |     2 |     2 ||     5
       Paralysed         |       |       |     7 |    21 |    10 |       |       ||    38
       Held in net/web   |       |       |       |     2 |       |       |       ||     2
       Invisible         |       |       |       |       |       |     3 |       ||     3
Armor: Leather armour    |     9 |       |       |       |       |       |       ||     9
       Ring mail         |    46 |   101 |   137 |    94 |       |       |       ||   378
       Chain mail        |       |       |       |   467 |  1420 |  1958 |  1492 ||  5337
Dodge: Dodged            |    89 |   177 |   179 |   381 |   992 |  1178 |   957 ||  3953
       Rpst.: Great sword |       |       |    52 |   110 |   259 |   238 |   189 ||   848
       Scimitar          |       |       |       |       |     3 |    10 |       ||    13

Table legend:
 A = Spawn XP
 B = Non-spawn XP
 C = Spawn XP percentage of total XP
 D = Spawn monster count
 E = Non-spawn monster count
 F = Spawn count percentage of total count
 G = Total turns spent on level
                    A         B        C        D         E        F      G
               +---------+---------+-------+---------+---------+-------+---------
         Total |       0 |  660548 |   0.0 |       0 |    1618 |   0.0 | 35618
               +---------+---------+-------+---------+---------+-------+---------
           D:1 |       0 |      32 |   0.0 |       0 |      17 |   0.0 |   752
           D:2 |       0 |      57 |   0.0 |       0 |      21 |   0.0 |   797
           D:3 |       0 |      44 |   0.0 |       0 |      19 |   0.0 |   712
           D:4 |       0 |     593 |   0.0 |       0 |      24 |   0.0 |  1253
           D:5 |       0 |    1125 |   0.0 |       0 |      24 |   0.0 |  1391
           D:6 |       0 |    1622 |   0.0 |       0 |      48 |   0.0 |  1859
           D:7 |       0 |     691 |   0.0 |       0 |      12 |   0.0 |   495
           D:8 |       0 |    1505 |   0.0 |       0 |      27 |   0.0 |   833
           D:9 |       0 |    2923 |   0.0 |       0 |      41 |   0.0 |  1241
          D:10 |       0 |    2129 |   0.0 |       0 |      20 |   0.0 |   681
          D:11 |       0 |    3329 |   0.0 |       0 |      23 |   0.0 |  1068
          D:12 |       0 |   11613 |   0.0 |       0 |      43 |   0.0 |  1010
          D:13 |       0 |   11660 |   0.0 |       0 |      44 |   0.0 |   963
          D:14 |       0 |    9431 |   0.0 |       0 |      45 |   0.0 |   774
          D:15 |       0 |     943 |   0.0 |       0 |       1 |   0.0 |     6
        Lair:1 |       0 |    2300 |   0.0 |       0 |      11 |   0.0 |   489
        Lair:2 |       0 |    1504 |   0.0 |       0 |       4 |   0.0 |   319
        Lair:3 |       0 |    4286 |   0.0 |       0 |      18 |   0.0 |   461
        Lair:4 |       0 |    3455 |   0.0 |       0 |      14 |   0.0 |   415
        Lair:5 |       0 |    4208 |   0.0 |       0 |      16 |   0.0 |   446
        Lair:6 |       0 |   26162 |   0.0 |       0 |      81 |   0.0 |  1112
       Swamp:1 |       0 |   10480 |   0.0 |       0 |      23 |   0.0 |   441
       Swamp:2 |       0 |    7419 |   0.0 |       0 |      24 |   0.0 |   436
       Swamp:3 |       0 |   14067 |   0.0 |       0 |      30 |   0.0 |   473
       Swamp:4 |       0 |   24782 |   0.0 |       0 |      56 |   0.0 |   830
      Spider:1 |       0 |   16281 |   0.0 |       0 |      49 |   0.0 |   465
      Spider:2 |       0 |   12898 |   0.0 |       0 |      41 |   0.0 |   729
      Spider:3 |       0 |   31937 |   0.0 |       0 |      78 |   0.0 |   733
      Spider:4 |       0 |   40692 |   0.0 |       0 |      83 |   0.0 |  1322
         Orc:1 |       0 |    5057 |   0.0 |       0 |      41 |   0.0 |   639
         Orc:2 |       0 |   12591 |   0.0 |       0 |      61 |   0.0 |  1062
         Elf:1 |       0 |    3226 |   0.0 |       0 |       6 |   0.0 |   147
         Elf:2 |       0 |   21657 |   0.0 |       0 |      35 |   0.0 |   613
         Elf:3 |       0 |   54824 |   0.0 |       0 |      56 |   0.0 |  2353
      Vaults:1 |       0 |   15523 |   0.0 |       0 |      27 |   0.0 |   659
      Vaults:2 |       0 |   54839 |   0.0 |       0 |      76 |   0.0 |  1192
      Vaults:3 |       0 |   78701 |   0.0 |       0 |     119 |   0.0 |  1552
      Vaults:4 |       0 |  109451 |   0.0 |       0 |     144 |   0.0 |  2126
      Vaults:5 |       0 |   38278 |   0.0 |       0 |      27 |   0.0 |   878
           Lab |       0 |    1051 |   0.0 |       0 |       1 |   0.0 |   127
        Bailey |       0 |    3250 |   0.0 |       0 |      44 |   0.0 |   888
        WizLab |       0 |   13932 |   0.0 |       0 |      44 |   0.0 |   655
               +---------+---------+-------+---------+---------+-------+---------
